Edmonton Oilers vs New York Rangers
(R2)
Created - Monday, September 29, 2025 at 07:20
Goals
|
| Edmonton Oilers |
0 |
1 |
1 |
2 |
| New York Rangers |
2 |
1 |
2 |
5 |
|
Shots
|
| Edmonton Oilers |
6 |
9 |
3 |
18 |
| New York Rangers |
10 |
6 |
11 |
27 |
|
1st period
1. New York Rangers , Nathan MacKinnon 27 (Artemi Panarin 29, Tyler Motte 7) at 1:40
2. New York Rangers , Dylan Strome 22 (Mikael Granlund 31, Conor Garland 22) at 9:47
Penalties :
Evan Bouchard (EDM) for Holding (Minor) at 15:56
2nd period
3. New York Rangers , Marcus Foligno 5 (Timo Meier 9, Teuvo Teravainen 12) at 3:47
4. Edmonton Oilers , Ryan McLeod 7 (Brett Pesce 10, Brock Boeser 25) at 16:13
Penalties :
Jacob Trouba (EDM) for Holding Stick (Minor) at 6:04, Marcus Foligno (NYR) for High sticking (Minor) at 9:58, Jacob Trouba (EDM) for Holding Stick (Minor) at 18:45
3rd period
5. New York Rangers , Mikael Granlund 8 (Conor Garland 23, Adam Larsson 15) at 2:23
6. New York Rangers , Teuvo Teravainen 10 (Timo Meier 10) at 7:33 (PP)
7. Edmonton Oilers , Brock Boeser 17 (Ryan McLeod 22, Karel Vejmelka) at 10:19 (PP)
Penalties :
Jacob Trouba (EDM) for Slashing (Minor) at 3:44, David Savard (EDM) for Holding (Minor) at 7:02, Dylan Strome (NYR) for Hooking (Minor) at 9:45, Brock Boeser (EDM) for High sticking (Minor) at 11:50, Timo Meier (NYR) for Hooking (Minor) at 17:46
Goalie Stats
Karel Vejmelka (EDM), 22 saves from 27 shots - (0.815), L, 1-4-0, 60:00 minutes
Igor Shesterkin (NYR), 16 saves from 18 shots - (0.889), W, 24-14-2, 60:00 minutes
Players Stats for Edmonton Oilers
Player Name G A P +/- PIM S H SB GA TA FO MP PP MP PK MP
------------------------------------------------------------------------------------
Adrian Kempe 0 0 0 -1 0 2 0 0 1 0 4/6 20:46 2:30 4:12
Boone Jenner 0 0 0 -2 0 0 4 0 1 0 4/18 14:38 2:02 0:00
Brandon Carlo 0 0 0 -1 0 0 2 3 0 1 0/0 26:46 2:25 4:55
Brett Pesce 0 1 1 1 0 0 0 1 0 1 0/0 16:33 0:00 3:44
Brock Boeser 1 1 2 -1 2 4 6 0 2 0 0/0 20:31 2:30 3:58
Corey Perry 0 0 0 0 0 0 1 0 0 0 0/0 8:46 0:00 0:58
David Perron 0 0 0 0 0 0 0 0 0 0 0/0 10:34 0:00 0:00
David Savard 0 0 0 -3 2 0 1 1 0 0 0/0 20:22 2:07 5:22
Dawson Mercer 0 0 0 -2 0 1 2 0 0 0 1/1 15:43 2:02 1:04
Derek Ryan 0 0 0 0 0 0 1 0 0 0 0/0 10:34 0:00 0:00
Drake Caggiula 0 0 0 0 0 2 1 0 1 1 0/1 8:37 0:00 0:50
Evan Bouchard 0 0 0 -3 2 0 0 1 0 0 0/0 19:50 2:07 4:41
Jacob Trouba 0 0 0 -1 6 2 0 1 0 2 0/0 23:48 2:25 2:10
Jake DeBrusk 0 0 0 -2 0 2 1 0 1 0 4/4 19:50 2:02 5:12
Morgan Barron 0 0 0 0 0 1 0 0 0 0 4/8 10:52 0:00 0:18
Ryan McLeod 1 1 2 -1 0 4 1 0 0 0 7/13 20:22 2:30 4:20
Scott Mayfield 0 0 0 1 0 0 1 3 0 0 0/0 13:09 0:00 0:00
Tanner Jeannot 0 0 0 0 0 0 3 0 1 0 1/1 7:47 0:00 0:00
Players Stats for New York Rangers
Player Name G A P +/- PIM S H SB GA TA FO MP PP MP PK MP
------------------------------------------------------------------------------------
Adam Larsson 0 1 1 3 0 0 1 0 0 0 0/0 18:27 0:00 2:30
Artemi Panarin 0 1 1 1 0 1 1 0 0 0 0/0 20:09 5:02 0:00
Cam Fowler 0 0 0 0 0 0 0 1 0 0 0/0 17:33 4:18 0:00
Cole Caufield 0 0 0 1 0 2 4 1 0 0 0/1 21:35 5:02 1:08
Conor Garland 0 2 2 2 0 2 2 0 1 1 1/1 16:25 4:33 0:00
David Kampf 0 0 0 -1 0 0 0 1 0 0 1/1 11:04 0:51 2:07
Dmitry Kulikov 0 0 0 0 0 1 2 0 0 1 0/0 14:59 0:00 2:02
Dylan Strome 1 0 1 2 2 2 1 1 0 0 8/12 16:31 4:33 0:07
Jake Walman 0 0 0 3 0 0 2 1 1 1 0/0 23:50 6:08 2:02
Luke Schenn 0 0 0 0 0 1 1 3 0 0 0/0 15:37 0:00 0:00
Marcus Foligno 1 0 1 1 2 2 4 0 0 0 0/0 11:51 0:25 1:06
Mikael Granlund 1 1 2 2 0 5 2 2 0 1 3/4 21:03 6:20 2:25
Nathan MacKinnon 1 0 1 1 0 3 4 0 2 1 9/26 20:18 5:11 0:00
Noel Acciari 0 0 0 -1 0 1 0 0 0 0 2/3 7:48 0:00 0:00
Olli Maatta 0 0 0 0 0 1 0 0 0 2 0/0 18:37 0:00 2:30
Teuvo Teravainen 1 1 2 1 0 2 1 0 0 0 2/3 13:51 4:18 0:00
Timo Meier 0 2 2 1 2 2 3 0 0 0 1/1 14:13 4:33 0:12
Tyler Motte 0 1 1 -1 0 2 1 0 1 0 0/0 11:34 0:56 1:59
3 Stars
1 - Mikael Granlund (NYR)
2 - Teuvo Teravainen (NYR)
3 - Conor Garland (NYR)
Power Play
Edmonton Oilers - 1 on 3 Attempt(s) - 33.33%
New York Rangers - 1 on 6 Attempt(s) - 16.67%
Penalty Kill
Edmonton Oilers - 5 on 6 Attempt(s) - 83.33%
- Score 0 goal in Penalty Kill
New York Rangers - 2 on 3 Attempt(s) - 66.67%
- Score 0 goal in Penalty Kill
Team Stat
Edmonton Oilers - Hits : 24 - Faceoff Wins : 25 - Blocked Shots : 10 - Penalty Minutes : 12
New York Rangers - Hits : 29 - Faceoff Wins : 27 - Blocked Shots : 10 - Penalty Minutes : 6
Official
Referees : Unknown
Linesman : Unknown
Game Notes
No Game Note
Finance
Level 1 -- Attendance: 5391 (89.85%) -- Ticket Income $512,145
Level 2 -- Attendance: 4042 (80.84%) -- Ticket Income $242,520
Level 3 -- Attendance: 2100 (70.00%) -- Ticket Income $79,800
Level 4 -- Attendance: 3965 (79.30%) -- Ticket Income $99,125
Luxury Box -- Attendance: 976 (97.60%) -- Ticket Income $184,464
Game was played at the Madison Square Garden.
Total Attendance: 16474 (82.37%)
Total Ticket Income: $1,118,054
Other Income: $391,319
Total Income: $1,509,373
Edmonton Oilers
5 vs 5 Forward
Center Left Wing Right Wing Time % Phy DF OF
1 Ryan McLeod Adrian Kempe Brock Boeser 30 1 2 2
2 Boone Jenner Jake DeBrusk Dawson Mercer 30 1 2 2
3 Morgan Barron Derek Ryan David Perron 25 1 2 2
4 Tanner Jeannot Drake Caggiula Corey Perry 15 1 2 2
5 vs 5 Defense
Defense Defense Time % Phy DF OF
1 Jacob Trouba Brandon Carlo 30 1 2 2
2 David Savard Evan Bouchard 30 1 2 2
3 Scott Mayfield Brett Pesce 25 1 2 2
4 Jacob Trouba Brandon Carlo 15 1 2 2
PowerPlay Forward
Center Left Wing Right Wing Time % Phy DF OF
1 Ryan McLeod Adrian Kempe Brock Boeser 50 1 2 2
2 Boone Jenner Jake DeBrusk Dawson Mercer 50 1 2 2
PowerPlay Defense
Defense Defense Time % Phy DF OF
1 Jacob Trouba Brandon Carlo 50 1 2 2
2 David Savard Evan Bouchard 50 1 2 2
Penalty Kill 4 Players Forward
Center Wing Time % Phy DF OF
1 Adrian Kempe Brock Boeser 50 1 2 2
2 Jake DeBrusk Ryan McLeod 50 1 2 2
Penalty Kill 4 Players Defense
Defense Defense Time % Phy DF OF
1 Jacob Trouba Brandon Carlo 50 1 2 2
2 David Savard Evan Bouchard 50 1 2 2
Penalty Kill - 3 Players Forward
Forward Time % Phy DF OF
1 Adrian Kempe 50 1 2 2
2 Brock Boeser 50 1 2 2
Penalty Kill - 3 Players Defense
Defense Defense Time % Phy DF OF
1 Jacob Trouba Brandon Carlo 50 1 2 2
2 David Savard Evan Bouchard 50 1 2 2
4 vs 4 Forward
Center Wing Time % Phy DF OF
1 Adrian Kempe Brock Boeser 50 1 2 2
2 Jake DeBrusk Ryan McLeod 50 1 2 2
4 vs 4 Defense
Defense Defense Time % Phy DF OF
1 Brett Pesce Brandon Carlo 50 1 2 2
2 David Savard Evan Bouchard 50 1 2 2
Last Minutes Offensive
Center Left Wing Right Wing Defense Defense
Ryan McLeod Adrian Kempe Brock Boeser Jacob Trouba Brandon Carlo
Last Minutes Defensive
Center Left Wing Right Wing Defense Defense
Ryan McLeod Adrian Kempe Brock Boeser Jacob Trouba Brandon Carlo
Goaltenders
Starting : Karel Vejmelka
Backup : Juuse Saros
Extra Forwards
Normal : Morgan Barron, David Perron, Corey Perry - PP : Morgan Barron, David Perron - PK : Corey Perry
Extra Defensemen
Normal : Brandon Carlo, Brett Pesce, David Savard - PP : Brandon Carlo - PK : Brett Pesce, David Savard
Penalty Shots
Adrian Kempe, Brock Boeser, Jake DeBrusk, David Perron, Ryan McLeod
Scratches
Luke Hughes (Healthy), Troy Stecher (Healthy), Jeff Carter (Healthy), Dylan Holloway (Sprained Left Knee Injury), Jonathan Quick (Healthy)
New York Rangers
5 vs 5 Forward
Center Left Wing Right Wing Time % Phy DF OF
1 Nathan MacKinnon Cole Caufield Artemi Panarin 38 0 2 3
2 Dylan Strome Conor Garland Mikael Granlund 30 1 1 3
3 Teuvo Teravainen Timo Meier Marcus Foligno 22 1 2 2
4 Noel Acciari David Kampf Tyler Motte 10 1 3 1
5 vs 5 Defense
Defense Defense Time % Phy DF OF
1 Jake Walman Adam Larsson 36 1 2 2
2 Olli Maatta Luke Schenn 34 1 2 2
3 Cam Fowler Dmitry Kulikov 30 1 2 2
4 Jake Walman Adam Larsson 0 1 2 2
PowerPlay Forward
Center Left Wing Right Wing Time % Phy DF OF
1 Nathan MacKinnon Cole Caufield Artemi Panarin 60 0 1 4
2 Dylan Strome Timo Meier Conor Garland 40 0 1 4
PowerPlay Defense
Defense Defense Time % Phy DF OF
1 Mikael Granlund Jake Walman 60 1 1 3
2 Cam Fowler Teuvo Teravainen 40 1 1 3
Penalty Kill 4 Players Forward
Center Wing Time % Phy DF OF
1 David Kampf Marcus Foligno 50 1 3 1
2 Mikael Granlund Tyler Motte 50 1 3 1
Penalty Kill 4 Players Defense
Defense Defense Time % Phy DF OF
1 Jake Walman Dmitry Kulikov 50 1 3 1
2 Adam Larsson Olli Maatta 50 1 3 1
Penalty Kill - 3 Players Forward
Forward Time % Phy DF OF
1 Noel Acciari 50 1 4 0
2 Mikael Granlund 50 1 4 0
Penalty Kill - 3 Players Defense
Defense Defense Time % Phy DF OF
1 Dmitry Kulikov Jake Walman 50 1 3 1
2 Adam Larsson Olli Maatta 50 1 3 1
4 vs 4 Forward
Center Wing Time % Phy DF OF
1 Nathan MacKinnon Mikael Granlund 50 1 2 2
2 Artemi Panarin Cole Caufield 50 1 2 2
4 vs 4 Defense
Defense Defense Time % Phy DF OF
1 Olli Maatta Adam Larsson 50 1 2 2
2 Jake Walman Luke Schenn 50 1 2 2
Last Minutes Offensive
Center Left Wing Right Wing Defense Defense
Nathan MacKinnon Cole Caufield Artemi Panarin Cam Fowler Jake Walman
Last Minutes Defensive
Center Left Wing Right Wing Defense Defense
Noel Acciari Mikael Granlund Marcus Foligno Jake Walman Adam Larsson
Goaltenders
Starting : Igor Shesterkin
Backup : Kevin Lankinen
Extra Forwards
Normal : Dylan Strome, Teuvo Teravainen, Mikael Granlund - PP : Dylan Strome, Teuvo Teravainen - PK : Mikael Granlund
Extra Defensemen
Normal : Cam Fowler, Dmitry Kulikov, Jake Walman - PP : Cam Fowler - PK : Dmitry Kulikov, Jake Walman
Penalty Shots
Nathan MacKinnon, Artemi Panarin, Cole Caufield, Mikael Granlund, Teuvo Teravainen
Scratches
Nicolas Hague (Healthy)
% Time on Ice - Edmonton Oilers
Lines # - Real PCT - Wanted PCT - Time Play
Normal Forward
1 - 31% - 30% - 14:05
2 - 28% - 30% - 12:36
3 - 23% - 25% - 10:34
4 - 17% - 15% - 7:47
Normal Defense
1 - 29% - 30% - 13:00
2 - 32% - 30% - 14:29
3 - 28% - 25% - 12:38
4 - 11% - 15% - 4:55
PP Forward
1 - 55% - 50% - 2:30
2 - 45% - 50% - 2:02
PP Defense
1 - 53% - 50% - 2:25
2 - 47% - 50% - 2:07
PK Forward
1 - 48% - 50% - 4:59
2 - 52% - 50% - 5:27
PK Defense
1 - 46% - 50% - 4:46
2 - 54% - 50% - 5:40
PK3 Forward
1 - 0% - 50%
2 - 0% - 50%
PK3 Defense
1 - 0% - 50%
2 - 0% - 50%
44 Forward
1 - 0% - 50%
2 - 0% - 50%
44 Defense
1 - 0% - 50%
2 - 0% - 50%
Last Minute Offensive - 0:00
Last Minute Defensive - 0:00
Total
Forward - 60:00
Defense - 60:00
|
% Time on Ice - New York Rangers
Lines # - Real PCT - Wanted PCT - Time Play
Normal Forward
1 - 34% - 38% - 15:24
2 - 28% - 30% - 12:44
3 - 21% - 22% - 9:14
4 - 17% - 10% - 7:40
Normal Defense
1 - 35% - 36% - 15:40
2 - 36% - 34% - 16:25
3 - 29% - 30% - 12:57
4 - 0% - 0% - 0:00
PP Forward
1 - 54% - 60% - 5:41
2 - 46% - 40% - 4:45
PP Defense
1 - 59% - 60% - 6:08
2 - 41% - 40% - 4:18
PK Forward
1 - 51% - 50% - 2:19
2 - 49% - 50% - 2:13
PK Defense
1 - 45% - 50% - 2:02
2 - 55% - 50% - 2:30
PK3 Forward
1 - 0% - 50%
2 - 0% - 50%
PK3 Defense
1 - 0% - 50%
2 - 0% - 50%
44 Forward
1 - 0% - 50%
2 - 0% - 50%
44 Defense
1 - 0% - 50%
2 - 0% - 50%
Last Minute Offensive - 0:00
Last Minute Defensive - 0:00
Total
Forward - 60:00
Defense - 60:00
|
Play-by-Play
1st period
0:01 of 1st period - Ryan McLeod wins face-off versus Nathan MacKinnon in neutral zone.
0:35 of 1st period - Snap shot by Mikael Granlund.
0:35 of 1st period - Shot Blocked by Brandon Carlo.
0:37 of 1st period - Slapshot by Adam Larsson.
0:37 of 1st period - Shot Misses the Net.
1:21 of 1st period - Tyler Motte is hit by Drake Caggiula and loses puck.
1:40 of 1st period - Wrist shot by Nathan MacKinnon.
1:40 of 1st period - Goal by Nathan MacKinnon - Edmonton Oilers : 0 - New York Rangers : 1.
1:41 of 1st period - Dylan Strome wins face-off versus Boone Jenner in neutral zone.
1:46 of 1st period - Wrist shot by Mikael Granlund.
1:46 of 1st period - Stopped by Karel Vejmelka with a rebound.
1:48 of 1st period - Snap shot by Conor Garland.
1:48 of 1st period - Stopped by Karel Vejmelka without a rebound.
1:49 of 1st period - Boone Jenner wins face-off versus Dylan Strome in Edmonton Oilers zone.
1:49 of 1st period - Boone Jenner is hit by Dylan Strome.
2:17 of 1st period - Backhand shot by Mikael Granlund.
2:17 of 1st period - Shot Misses the Net.
2:19 of 1st period - Slapshot by Dmitry Kulikov.
2:19 of 1st period - Stopped by Karel Vejmelka with a rebound.
2:21 of 1st period - Slapshot by Dmitry Kulikov.
2:21 of 1st period - Deflect By Dylan Strome.
2:21 of 1st period - Shot Blocked by Scott Mayfield.
2:21 of 1st period - Puck is out of play.
2:22 of 1st period - Morgan Barron wins face-off versus Nathan MacKinnon in Edmonton Oilers zone.
2:22 of 1st period - Morgan Barron is hit by Jake Walman.
2:56 of 1st period - Slapshot by Jake Walman.
2:56 of 1st period - Shot Blocked by Brandon Carlo.
3:20 of 1st period - Snap shot by Adrian Kempe.
3:20 of 1st period - Deflect By Marcus Foligno.
3:20 of 1st period - Shot Blocked by Cam Fowler.
3:20 of 1st period - Puck is out of play.
3:21 of 1st period - Ryan McLeod wins face-off versus Nathan MacKinnon in New York Rangers zone.
3:24 of 1st period - Snap shot by Adrian Kempe.
3:24 of 1st period - Stopped by Igor Shesterkin with a rebound.
3:44 of 1st period - Ryan McLeod is hit by Timo Meier and loses puck.
4:07 of 1st period - Wrist shot by Drake Caggiula.
4:07 of 1st period - Shot Blocked by Mikael Granlund.
4:09 of 1st period - Slapshot by David Savard.
4:09 of 1st period - Deflect By Corey Perry.
4:09 of 1st period - Shot Misses the Net.
4:09 of 1st period - Puck is out of play.
4:10 of 1st period - Tanner Jeannot wins face-off versus Nathan MacKinnon in New York Rangers zone.
4:19 of 1st period - Artemi Panarin is hit by Tanner Jeannot and loses puck.
4:28 of 1st period - Slapshot by Drake Caggiula.
4:28 of 1st period - Shot Misses the Net.
4:30 of 1st period - Wrist shot by Corey Perry.
4:30 of 1st period - Shot Misses the Net.
4:32 of 1st period - Wrist shot by Scott Mayfield.
4:32 of 1st period - Deflect By Drake Caggiula.
4:32 of 1st period - Stopped by Igor Shesterkin with a rebound.
4:34 of 1st period - Slapshot by Drake Caggiula.
4:34 of 1st period - Stopped by Igor Shesterkin with a rebound.
4:42 of 1st period - Snap shot by Artemi Panarin.
4:42 of 1st period - Shot Hit the Post.
4:56 of 1st period - Wrist shot by Cole Caufield.
4:56 of 1st period - Stopped by Karel Vejmelka with a rebound.
6:10 of 1st period - Slapshot by Jacob Trouba.
6:10 of 1st period - Stopped by Igor Shesterkin with a rebound.
6:12 of 1st period - Slapshot by Brandon Carlo.
6:12 of 1st period - Shot Misses the Net.
6:14 of 1st period - Slapshot by Jacob Trouba.
6:14 of 1st period - Shot Misses the Net.
6:16 of 1st period - Slapshot by Jacob Trouba.
6:16 of 1st period - Deflect By Tanner Jeannot.
6:16 of 1st period - Shot Misses the Net.
6:16 of 1st period - Puck is out of play.
6:17 of 1st period - Dylan Strome wins face-off versus Boone Jenner in New York Rangers zone.
6:17 of 1st period - Dylan Strome is hit by Jake DeBrusk.
6:33 of 1st period - Snap shot by Boone Jenner.
6:33 of 1st period - Shot Misses the Net.
6:43 of 1st period - Ryan McLeod is hit by Marcus Foligno and loses puck.
6:54 of 1st period - Wrist shot by Teuvo Teravainen.
6:54 of 1st period - Stopped by Karel Vejmelka without a rebound.
6:55 of 1st period - Jake DeBrusk wins face-off versus Noel Acciari in Edmonton Oilers zone.
7:30 of 1st period - Slapshot by Teuvo Teravainen.
7:30 of 1st period - Deflect By Timo Meier.
7:30 of 1st period - Stopped by Karel Vejmelka without a rebound.
7:31 of 1st period - Dylan Strome wins face-off versus Morgan Barron in Edmonton Oilers zone.
7:32 of 1st period - Snap shot by Conor Garland.
7:32 of 1st period - Shot Blocked by Brett Pesce.
7:48 of 1st period - Snap shot by Conor Garland.
7:48 of 1st period - Shot Misses the Net.
9:06 of 1st period - Icing by Dmitry Kulikov.
9:07 of 1st period - Noel Acciari wins face-off versus Ryan McLeod in New York Rangers zone.
9:39 of 1st period - Wrist shot by Nathan MacKinnon.
9:39 of 1st period - Stopped by Karel Vejmelka without a rebound.
9:40 of 1st period - Dylan Strome wins face-off versus Boone Jenner in Edmonton Oilers zone.
9:47 of 1st period - Snap shot by Dylan Strome.
9:47 of 1st period - Goal by Dylan Strome - Edmonton Oilers : 0 - New York Rangers : 2.
9:48 of 1st period - Dylan Strome wins face-off versus Morgan Barron in neutral zone.
9:56 of 1st period - Off-side.
9:57 of 1st period - Morgan Barron wins face-off versus Dylan Strome in neutral zone.
10:11 of 1st period - Icing by Mikael Granlund.
10:12 of 1st period - Dylan Strome wins face-off versus Ryan McLeod in New York Rangers zone.
10:23 of 1st period - Snap shot by Dylan Strome.
10:23 of 1st period - Shot Misses the Net.
10:25 of 1st period - Slapshot by Jake Walman.
10:25 of 1st period - Shot Blocked by Jacob Trouba.
10:27 of 1st period - Snap shot by Dylan Strome.
10:27 of 1st period - Shot Misses the Net.
10:59 of 1st period - Snap shot by Brock Boeser.
10:59 of 1st period - Stopped by Igor Shesterkin without a rebound.
11:00 of 1st period - Boone Jenner wins face-off versus Nathan MacKinnon in New York Rangers zone.
11:05 of 1st period - Wrist shot by Dawson Mercer.
11:05 of 1st period - Stopped by Igor Shesterkin without a rebound.
11:06 of 1st period - Nathan MacKinnon wins face-off versus Boone Jenner in New York Rangers zone.
11:11 of 1st period - David Savard is hit by Nathan MacKinnon and loses puck.
11:22 of 1st period - Slapshot by Boone Jenner.
11:22 of 1st period - Shot Blocked by Luke Schenn.
11:44 of 1st period - Evan Bouchard is hit by Marcus Foligno and loses puck.
12:09 of 1st period - Snap shot by Dylan Strome.
12:09 of 1st period - Stopped by Karel Vejmelka without a rebound.
12:10 of 1st period - Nathan MacKinnon wins face-off versus Boone Jenner in Edmonton Oilers zone.
12:46 of 1st period - Teuvo Teravainen is hit by Brock Boeser and loses puck.
14:51 of 1st period - Brandon Carlo is hit by Cole Caufield and loses puck.
15:56 of 1st period - Minor Penalty to Evan Bouchard for Holding.
15:57 of 1st period - Adrian Kempe wins face-off versus Nathan MacKinnon in Edmonton Oilers zone.
16:30 of 1st period - Adrian Kempe is hit by Timo Meier and loses puck.
17:55 of 1st period - Adrian Kempe is hit by Tyler Motte.
17:56 of 1st period - Penalty to Evan Bouchard is over, Evan Bouchard is back on ice.
18:13 of 1st period - Backhand shot by Morgan Barron.
18:13 of 1st period - Shot Blocked by Luke Schenn.
18:39 of 1st period - Dmitry Kulikov is hit by Tanner Jeannot and loses puck.
19:27 of 1st period - Slapshot by Brock Boeser.
19:27 of 1st period - Shot Misses the Net.
Goals for this period are 0 for Edmonton Oilers vs 2 for New York Rangers.
Shots for this period are 6 for Edmonton Oilers vs 10 for New York Rangers.
2nd period
0:01 of 2nd period - Boone Jenner wins face-off versus Nathan MacKinnon in neutral zone.
0:04 of 2nd period - Wrist shot by Dawson Mercer.
0:04 of 2nd period - Shot Misses the Net.
0:06 of 2nd period - Wrist shot by Boone Jenner.
0:06 of 2nd period - Deflect By Jake DeBrusk.
0:06 of 2nd period - Shot Misses the Net.
0:06 of 2nd period - Puck is out of play.
0:07 of 2nd period - Nathan MacKinnon wins face-off versus Boone Jenner in New York Rangers zone.
0:42 of 2nd period - Adam Larsson is hit by Ryan McLeod and loses puck.
0:57 of 2nd period - David Perron is hit by Timo Meier and loses puck.
1:19 of 2nd period - Luke Schenn is hit by Boone Jenner and loses puck.
1:39 of 2nd period - Brett Pesce is hit by Nathan MacKinnon and loses puck.
2:22 of 2nd period - Wrist shot by Conor Garland.
2:22 of 2nd period - Shot Blocked by Scott Mayfield.
2:24 of 2nd period - Slapshot by Luke Schenn.
2:24 of 2nd period - Deflect By Conor Garland.
2:24 of 2nd period - Stopped by Karel Vejmelka with a rebound.
3:09 of 2nd period - Slapshot by Noel Acciari.
3:09 of 2nd period - Stopped by Karel Vejmelka with a rebound.
3:11 of 2nd period - Wrist shot by Tyler Motte.
3:11 of 2nd period - Stopped by Karel Vejmelka without a rebound.
3:12 of 2nd period - Conor Garland wins face-off versus Boone Jenner in Edmonton Oilers zone.
3:45 of 2nd period - Snap shot by Timo Meier.
3:45 of 2nd period - Shot Misses the Net.
3:47 of 2nd period - Slapshot by Marcus Foligno.
3:47 of 2nd period - Goal by Marcus Foligno - Edmonton Oilers : 0 - New York Rangers : 3.
3:48 of 2nd period - Nathan MacKinnon wins face-off versus Ryan McLeod in neutral zone.
4:24 of 2nd period - Wrist shot by Dawson Mercer.
4:24 of 2nd period - Shot Blocked by Dylan Strome.
4:36 of 2nd period - Wrist shot by Morgan Barron.
4:36 of 2nd period - Stopped by Igor Shesterkin without a rebound.
4:37 of 2nd period - Teuvo Teravainen wins face-off versus Morgan Barron in New York Rangers zone.
4:50 of 2nd period - Wrist shot by Marcus Foligno.
4:50 of 2nd period - Stopped by Karel Vejmelka with a rebound.
4:52 of 2nd period - Snap shot by Jake Walman.
4:52 of 2nd period - Shot Misses the Net.
5:06 of 2nd period - Wrist shot by Brock Boeser.
5:06 of 2nd period - Stopped by Igor Shesterkin without a rebound.
5:07 of 2nd period - Adrian Kempe wins face-off versus Cole Caufield in New York Rangers zone.
5:20 of 2nd period - Wrist shot by Adrian Kempe.
5:20 of 2nd period - Shot Hit the Post.
5:22 of 2nd period - Slapshot by Jacob Trouba.
5:22 of 2nd period - Stopped by Igor Shesterkin without a rebound.
5:23 of 2nd period - Dylan Strome wins face-off versus Boone Jenner in New York Rangers zone.
5:32 of 2nd period - Wrist shot by Dawson Mercer.
5:32 of 2nd period - Shot Blocked by Jake Walman.
6:04 of 2nd period - Minor Penalty to Jacob Trouba for Holding Stick.
6:05 of 2nd period - Jake DeBrusk wins face-off versus Nathan MacKinnon in Edmonton Oilers zone.
7:26 of 2nd period - Dylan Strome is hit by Brock Boeser and loses puck.
8:04 of 2nd period - Penalty to Jacob Trouba is over, Jacob Trouba is back on ice.
8:09 of 2nd period - Off-side.
8:10 of 2nd period - Noel Acciari wins face-off versus Morgan Barron in neutral zone.
9:00 of 2nd period - Off-side.
9:01 of 2nd period - Ryan McLeod wins face-off versus Nathan MacKinnon in neutral zone.
9:20 of 2nd period - Ryan McLeod is hit by Cole Caufield and loses puck.
9:31 of 2nd period - Snap shot by Jake DeBrusk.
9:31 of 2nd period - Stopped by Igor Shesterkin without a rebound.
9:32 of 2nd period - Teuvo Teravainen wins face-off versus Boone Jenner in New York Rangers zone.
9:58 of 2nd period - Minor Penalty to Marcus Foligno for High sticking.
9:59 of 2nd period - Ryan McLeod wins face-off versus Mikael Granlund in New York Rangers zone.
9:59 of 2nd period - Snap shot by Adrian Kempe.
9:59 of 2nd period - Deflect By Ryan McLeod.
9:59 of 2nd period - Deflect By Mikael Granlund.
9:59 of 2nd period - Shot Blocked by Mikael Granlund.
9:59 of 2nd period - Puck is out of play.
10:00 of 2nd period - Mikael Granlund wins face-off versus Ryan McLeod in New York Rangers zone.
10:25 of 2nd period - Dawson Mercer is hit by Jake Walman and loses puck.
10:31 of 2nd period - Off-side.
10:32 of 2nd period - David Kampf wins face-off versus Boone Jenner in neutral zone.
10:43 of 2nd period - Wrist shot by Jake DeBrusk.
10:43 of 2nd period - Shot Misses the Net.
11:01 of 2nd period - Olli Maatta is hit by Brock Boeser and loses puck.
11:48 of 2nd period - Snap shot by Ryan McLeod.
11:48 of 2nd period - Stopped by Igor Shesterkin without a rebound.
11:49 of 2nd period - Timo Meier wins face-off versus Boone Jenner in New York Rangers zone.
11:58 of 2nd period - Penalty to Marcus Foligno is over, Marcus Foligno is back on ice.
12:39 of 2nd period - Brett Pesce is hit by Nathan MacKinnon.
13:03 of 2nd period - Slapshot by Jake DeBrusk.
13:03 of 2nd period - Stopped by Igor Shesterkin with a rebound.
13:28 of 2nd period - Olli Maatta is hit by David Savard and loses puck.
14:20 of 2nd period - Snap shot by Ryan McLeod.
14:20 of 2nd period - Shot Misses the Net.
15:07 of 2nd period - Scott Mayfield is hit by Dmitry Kulikov and loses puck.
15:34 of 2nd period - Scott Mayfield is hit by Artemi Panarin and loses puck.
15:47 of 2nd period - Drake Caggiula is hit by Marcus Foligno and loses puck.
16:02 of 2nd period - Tyler Motte is hit by Brock Boeser and loses puck.
16:09 of 2nd period - Snap shot by Brock Boeser.
16:09 of 2nd period - Shot Misses the Net.
16:11 of 2nd period - Slapshot by Brett Pesce.
16:11 of 2nd period - Shot Blocked by David Kampf.
16:13 of 2nd period - Slapshot by Ryan McLeod.
16:13 of 2nd period - Goal by Ryan McLeod - Edmonton Oilers : 1 - New York Rangers : 3.
16:14 of 2nd period - Nathan MacKinnon wins face-off versus Ryan McLeod in neutral zone.
16:23 of 2nd period - Snap shot by Brock Boeser.
16:23 of 2nd period - Shot Hit the Post.
16:41 of 2nd period - Brandon Carlo is hit by Teuvo Teravainen.
17:53 of 2nd period - Off-side.
17:54 of 2nd period - Ryan McLeod wins face-off versus Nathan MacKinnon in neutral zone.
18:07 of 2nd period - Wrist shot by Ryan McLeod.
18:07 of 2nd period - Stopped by Igor Shesterkin with a rebound.
18:09 of 2nd period - Wrist shot by Jacob Trouba.
18:09 of 2nd period - Shot Blocked by Cole Caufield.
18:19 of 2nd period - Luke Schenn is hit by Boone Jenner and loses puck.
18:26 of 2nd period - Brandon Carlo is hit by Conor Garland and loses puck.
18:31 of 2nd period - Snap shot by Conor Garland.
18:31 of 2nd period - Shot Misses the Net.
18:43 of 2nd period - Snap shot by Tyler Motte.
18:43 of 2nd period - Shot Misses the Net.
18:45 of 2nd period - Minor Penalty to Jacob Trouba for Holding Stick.
18:46 of 2nd period - Nathan MacKinnon wins face-off versus Adrian Kempe in Edmonton Oilers zone.
18:49 of 2nd period - Wrist shot by Cole Caufield.
18:49 of 2nd period - Stopped by Karel Vejmelka with a rebound.
18:51 of 2nd period - Slapshot by Jake Walman.
18:51 of 2nd period - Shot Blocked by Evan Bouchard.
18:53 of 2nd period - Wrist shot by Nathan MacKinnon.
18:53 of 2nd period - Shot Misses the Net.
19:48 of 2nd period - Snap shot by Ryan McLeod.
19:48 of 2nd period - Stopped by Igor Shesterkin with a rebound.
Goals for this period are 1 for Edmonton Oilers vs 1 for New York Rangers.
Shots for this period are 9 for Edmonton Oilers vs 6 for New York Rangers.
3rd period
0:01 of 3rd period - Jake DeBrusk wins face-off versus Nathan MacKinnon in neutral zone.
0:16 of 3rd period - Snap shot by Nathan MacKinnon.
0:16 of 3rd period - Stopped by Karel Vejmelka without a rebound.
0:17 of 3rd period - Adrian Kempe wins face-off versus Nathan MacKinnon in Edmonton Oilers zone.
0:32 of 3rd period - Ryan McLeod is hit by Nathan MacKinnon and loses puck.
0:43 of 3rd period - Timo Meier is hit by Brandon Carlo and loses puck.
0:45 of 3rd period - Penalty to Jacob Trouba is over, Jacob Trouba is back on ice.
0:50 of 3rd period - Snap shot by Timo Meier.
0:50 of 3rd period - Stopped by Karel Vejmelka with a rebound.
0:52 of 3rd period - Snap shot by Olli Maatta.
0:52 of 3rd period - Stopped by Karel Vejmelka without a rebound.
0:53 of 3rd period - Morgan Barron wins face-off versus Nathan MacKinnon in Edmonton Oilers zone.
1:26 of 3rd period - Snap shot by Conor Garland.
1:26 of 3rd period - Shot Misses the Net.
1:28 of 3rd period - Slapshot by Luke Schenn.
1:28 of 3rd period - Stopped by Karel Vejmelka with a rebound.
1:46 of 3rd period - Off-side.
1:47 of 3rd period - Nathan MacKinnon wins face-off versus Boone Jenner in neutral zone.
1:50 of 3rd period - David Savard is hit by Cole Caufield and loses puck.
1:59 of 3rd period - Nathan MacKinnon is hit by Boone Jenner and loses puck.
2:23 of 3rd period - Wrist shot by Mikael Granlund.
2:23 of 3rd period - Goal by Mikael Granlund - Edmonton Oilers : 1 - New York Rangers : 4.
2:24 of 3rd period - Nathan MacKinnon wins face-off versus Ryan McLeod in neutral zone.
2:27 of 3rd period - Snap shot by Nathan MacKinnon.
2:27 of 3rd period - Shot Blocked by Brandon Carlo.
2:29 of 3rd period - Snap shot by Artemi Panarin.
2:29 of 3rd period - Shot Misses the Net.
2:39 of 3rd period - Slapshot by Artemi Panarin.
2:39 of 3rd period - Stopped by Karel Vejmelka without a rebound.
2:40 of 3rd period - Dawson Mercer wins face-off versus Dylan Strome in Edmonton Oilers zone.
2:58 of 3rd period - Dawson Mercer is hit by Conor Garland and loses puck.
3:21 of 3rd period - Wrist shot by Artemi Panarin.
3:21 of 3rd period - Shot Blocked by David Savard.
3:41 of 3rd period - Snap shot by Tyler Motte.
3:41 of 3rd period - Stopped by Karel Vejmelka without a rebound.
3:42 of 3rd period - Morgan Barron wins face-off versus Nathan MacKinnon in Edmonton Oilers zone.
3:44 of 3rd period - Minor Penalty to Jacob Trouba for Slashing.
3:45 of 3rd period - Adrian Kempe wins face-off versus Nathan MacKinnon in Edmonton Oilers zone.
3:55 of 3rd period - Snap shot by Artemi Panarin.
3:55 of 3rd period - Shot Misses the Net.
3:57 of 3rd period - Slapshot by Jake Walman.
3:57 of 3rd period - Shot Misses the Net.
4:11 of 3rd period - Mikael Granlund is hit by Brock Boeser and loses puck.
4:50 of 3rd period - Mikael Granlund is hit by Brock Boeser and loses puck.
5:44 of 3rd period - Penalty to Jacob Trouba is over, Jacob Trouba is back on ice.
6:09 of 3rd period - Tyler Motte is hit by Derek Ryan and loses puck.
6:16 of 3rd period - Slapshot by Evan Bouchard.
6:16 of 3rd period - Deflect By Morgan Barron.
6:16 of 3rd period - Shot Blocked by Luke Schenn.
6:16 of 3rd period - Puck is out of play.
6:17 of 3rd period - Dylan Strome wins face-off versus Drake Caggiula in New York Rangers zone.
6:44 of 3rd period - Derek Ryan is hit by Marcus Foligno and loses puck.
7:02 of 3rd period - Minor Penalty to David Savard for Holding.
7:03 of 3rd period - Nathan MacKinnon wins face-off versus Adrian Kempe in Edmonton Oilers zone.
7:15 of 3rd period - Slapshot by Jake Walman.
7:15 of 3rd period - Shot Misses the Net.
7:17 of 3rd period - Slapshot by Jake Walman.
7:17 of 3rd period - Shot Misses the Net.
7:19 of 3rd period - Snap shot by Mikael Granlund.
7:19 of 3rd period - Stopped by Karel Vejmelka with a rebound.
7:33 of 3rd period - Slapshot by Teuvo Teravainen.
7:33 of 3rd period - Goal by Teuvo Teravainen - Edmonton Oilers : 1 - New York Rangers : 5.
7:34 of 3rd period - Ryan McLeod wins face-off versus Nathan MacKinnon in neutral zone.
7:49 of 3rd period - Cole Caufield is hit by Brandon Carlo and loses puck.
9:34 of 3rd period - Jake Walman is hit by Boone Jenner and loses puck.
9:45 of 3rd period - Minor Penalty to Dylan Strome for Hooking.
9:46 of 3rd period - Mikael Granlund wins face-off versus Boone Jenner in New York Rangers zone.
9:57 of 3rd period - Slapshot by Mikael Granlund.
9:57 of 3rd period - Stopped by Karel Vejmelka with a rebound.
10:19 of 3rd period - Snap shot by Brock Boeser.
10:19 of 3rd period - Goal by Brock Boeser - Edmonton Oilers : 2 - New York Rangers : 5.
10:20 of 3rd period - Ryan McLeod wins face-off versus Nathan MacKinnon in neutral zone.
10:33 of 3rd period - Adrian Kempe is hit by Luke Schenn and loses puck.
10:49 of 3rd period - Wrist shot by Brock Boeser.
10:49 of 3rd period - Stopped by Igor Shesterkin with a rebound.
10:56 of 3rd period - Brandon Carlo is hit by Cole Caufield and loses puck.
11:05 of 3rd period - Backhand shot by Cole Caufield.
11:05 of 3rd period - Shot Misses the Net.
11:07 of 3rd period - Snap shot by Artemi Panarin.
11:07 of 3rd period - Shot Misses the Net.
11:29 of 3rd period - Slapshot by Adrian Kempe.
11:29 of 3rd period - Stopped by Igor Shesterkin with a rebound.
11:50 of 3rd period - Minor Penalty to Brock Boeser for High sticking.
11:51 of 3rd period - Jake DeBrusk wins face-off versus Dylan Strome in Edmonton Oilers zone.
11:51 of 3rd period - Jake DeBrusk is hit by Mikael Granlund.
13:50 of 3rd period - Penalty to Brock Boeser is over, Brock Boeser is back on ice.
14:14 of 3rd period - Artemi Panarin is hit by Tanner Jeannot and loses puck.
14:35 of 3rd period - Dylan Strome is hit by Scott Mayfield.
15:18 of 3rd period - Wrist shot by Morgan Barron.
15:18 of 3rd period - Shot Misses the Net.
15:30 of 3rd period - Derek Ryan is hit by Mikael Granlund and loses puck.
15:55 of 3rd period - Tyler Motte is hit by Corey Perry and loses puck.
16:35 of 3rd period - Icing by Dawson Mercer.
16:36 of 3rd period - Boone Jenner wins face-off versus Teuvo Teravainen in Edmonton Oilers zone.
17:11 of 3rd period - Snap shot by Mikael Granlund.
17:11 of 3rd period - Stopped by Karel Vejmelka with a rebound.
17:13 of 3rd period - Slapshot by Conor Garland.
17:13 of 3rd period - Shot Blocked by Scott Mayfield.
17:46 of 3rd period - Minor Penalty to Timo Meier for Hooking.
17:47 of 3rd period - Mikael Granlund wins face-off versus Boone Jenner in New York Rangers zone.
17:51 of 3rd period - Jake DeBrusk is hit by Dmitry Kulikov and loses puck.
18:04 of 3rd period - Dmitry Kulikov is hit by Dawson Mercer.
19:23 of 3rd period - Cole Caufield is hit by Dawson Mercer and loses puck.
19:46 of 3rd period - Penalty to Timo Meier is over, Timo Meier is back on ice.
19:59 of 3rd period - David Savard is hit by Adam Larsson and loses puck.
Goals for this period are 1 for Edmonton Oilers vs 2 for New York Rangers.
Shots for this period are 3 for Edmonton Oilers vs 11 for New York Rangers.
Back to the Top